Map: Submarine LE

Players

Heeebster - Winner!

  • Race: Protoss Protoss
  • League: Diamond
  • Spawn Location: 5:00

weisoflife

  • Race: Zerg Zerg
  • League: Diamond
  • Spawn Location: 11:00

VOD

Have the link to the VOD?

Description

Time

  • Played on: Nov. 15, 2020, 3:03 p.m.
  • Length: 3:15
Show
View Real Time Build Order
Export as new Build Order

Heeebster Protoss - Winner!

Build Orders:  

Get SALT Encoding   

  12  0:00  Probe  
  13  0:12  Probe  
  14  0:24  Probe  
  15  0:32  Pylon  
  15  0:51  Gateway  
  15  0:53  Gateway  
  15  0:59  Gateway  
  15  1:12  Gateway  
  15  1:14  Probe  
  16  1:23  Pylon  
  16  1:26  Probe  
  17  1:38  Zealot (Chrono Boost)  
  17  1:39  Zealot (Chrono Boost)  
  21  1:52  Zealot (Chrono Boost)  
  27  2:03  Zealot (Chrono Boost)  
  27  2:06  Zealot x2 (Chrono Boost)  
  29  2:11  Pylon  
  29  2:21  Zealot (Chrono Boost)  
  31  2:29  Zealot  
  33  2:37  Zealot x2  
  37  2:47  Zealot  
Show
View Real Time Build Order
Export as new Build Order

weisoflife Zerg 

Build Orders: Hatch First 

Get SALT Encoding   

  12  0:00  Drone  
  13  0:13  Overlord  
  13  0:18  Drone  
  14  0:31  Drone x2  
  16  0:49  Hatchery  
  15  0:52  Drone  
  15  0:56  Drone  
  17  0:59  Drone  
  18  1:11  Extractor  
  18  1:15  Spawning Pool  
  18  1:18  Drone  
  17  1:22  Drone  
  18  1:29  Drone  
  19  1:41  Overlord  
  19  1:51  Drone  
  20  2:01  Queen x2  
  20  2:02  Zergling x4  
  26  2:20  Drone  
  26  2:21  Roach Warren  
  26  2:27  Zergling x4  
  28  2:35  Spine Crawler  
  27  2:38  Zergling x2  
  27  2:42  Zergling x2  
  27  2:43  Zergling x2  
  29  2:47  Zergling x2  
  27  2:56  Zergling x2  
  27  2:57  Zergling x2  
Tags
 
Matchup
PvZ
Replay Pack
Replays
Spawn Locations
Cross Positions
Add a new tag
Caveats
  • Supply blocks, unpowered buildings, or Contaminate may cause inaccurate times.
  • Supply counts are checked every 10 seconds.